 Seeded DCSS version 0.30.1 (webtiles) character file.

Game seed: 6351066067085065685 (custom seed)

305 Esekla the Grave Robber (level 6, -3/32 HPs)
             Began as a Deep Elf Necromancer on July 8, 2023.
             Was a Follower of Vehumet.
             Slain by a gnoll
             ... wielding a +0 halberd
             ... led by a gnoll bouda
              (12 damage)
             ... on level 4 of the Dungeon.
             The game lasted 00:18:13 (2715 turns).

Esekla the Grave Robber (Deep Elf Necromancer)      Turns: 2715, Time: 00:18:14

Health: -3/32      AC:  3    Str:  5    XL:     6   Next: 16%
Magic:  2/15       EV: 13    Int: 22    God:    Vehumet [*.....]
Gold:   171        SH:  0    Dex: 15    Spells: 11/15 levels left

rFire   . . .        a - +3 dagger (speed)
rCold   . . .        (no shield)
rNeg    . . .        m - +0 robe
rPois   .            (no helmet)
rElec   .            (no cloak)
rCorr   .            h - +0 pair of gloves
SInv    .            (no boots)
Will    .....        (no amulet)
Stlth   ++           (no ring)
HPRegen 0.25/turn    (no ring)
MPRegen 0.14/turn

%: no passive effects
@: no status effects
A: no striking features
a: Renounce Religion


You were on level 4 of the Dungeon.
You worshipped Vehumet.
Vehumet was aware of your devotion.
You visited 1 branch of the dungeon, and saw 4 of its levels.

You collected 171 gold pieces.

Inventory:

Hand Weapons
 a - a +3 dagger of speed (weapon)
 r - a +0 spear
 s - the +5 rapier of the Hero {heavy, rN+ Dex+3}
   (You found it on level 3 of the Dungeon)

   Dex:       It affects your dexterity (+3).
   rN:        It protects you from negative energy.
Missiles
 l - 9 poisoned darts
Armour
 h - a +0 pair of gloves (worn)
 m - a +0 robe (worn)
Wands
 n - a wand of roots (5)
Scrolls
 c - a scroll of immolation {unknown}
 e - a scroll of fear {unknown}
 f - 3 scrolls of identify {unknown}
 j - 2 scrolls of enchant weapon {unknown}
 k - a scroll of amnesia {unknown}
 p - a scroll of fog {unknown}
 t - a scroll of blinking {unknown}
 v - a scroll of enchant armour {unknown}
Potions
 b - a potion of magic
 d - a potion of ambrosia {unknown}
 g - 2 potions of curing {unknown}
 i - 2 potions of attraction {unknown}
 o - 2 potions of brilliance {unknown}
 q - a potion of heal wounds {unknown}
 u - a potion of haste {unknown}


   Skills:
 + Level 2.3 Short Blades
 * Level 4.1 Dodging
 + Level 3.2 Stealth
 * Level 5.1 Spellcasting
 * Level 5.7 Necromancy
 * Level 1.7 Translocations
 + Level 0.9 Evocations


You had 11 spell levels left.
You knew the following spells:

 Your Spells              Type           Power      Damage    Failure   Level
a - Necrotise             Necr           100%       1d9       1%          1
d - Vampiric Draining     Necr           30%        2d8       3%          3

Your spell library contained the following spells:

 Spells                   Type           Power      Damage    Failure   Level
 Sandblast                Erth           10%        2d5       10%         1
 Lesser Beckoning         Tloc           26%        N/A       8%          2
 Animate Dead             Necr           30%        N/A       10%         4
 Gell's Gravitas          Tloc           13%        N/A       14%         3
 Teleport Other           Tloc           13%        N/A       14%         3
 Agony                    Necr           30%        N/A       26%         5


Dungeon Overview and Level Annotations

Branches:
Dungeon (4/15)
 Temple: D:4-7

Altars:
Hepliaklqana
Okawaru
Qazlal
Trog
Vehumet
The Shining One

Shops:
D:2 =   D:4 (


Message History

You hit the gnoll bouda.
The gnoll bouda is heavily wounded.
You hit the gnoll bouda.
The gnoll bouda is severely wounded.
The gnoll bouda hits you with a +0 club!
Casting: Vampiric Draining (dangerous; 3% risk of failure)
Confirm with . or Enter, or press ? or * to list all spells.
Aiming: Vampiric Draining (dangerous; 3% risk of failure)
Press: ? - help, Shift-Dir - straight line, f - gnoll bouda
Aim: a gnoll bouda, wielding a +0 club and wearing a +0 leather armour (severely wounded)
You draw life force from the gnoll bouda!
You kill the gnoll bouda!
Vehumet accepts your kill.
You feel your power returning.
You feel life coursing into your body.
Your Spellcasting skill increases to level 5!
You have reached level 6!
Casting: Vampiric Draining (dangerous; 3% risk of failure)
Confirm with . or Enter, or press ? or * to list all spells.
Aiming: Vampiric Draining (dangerous; 3% risk of failure)
Press: ? - help, Shift-Dir - straight line, f - gnoll
Aim: a gnoll, wielding a +0 spear (covering ground quickly)
You draw life force from the gnoll!
You kill the gnoll!
Vehumet accepts your kill.
You feel life coursing into your body.
You hit the gnoll but do no damage. The gnoll hits you with a +0 halberd!
You hit the gnoll but do no damage. You hit the gnoll.
The gnoll is moderately wounded.
The gnoll hits you with a +0 halberd!
* * * LOW HITPOINT WARNING * * *
You hit the gnoll.
The gnoll is heavily wounded.
The gnoll closely misses you.
You completely miss the gnoll. You punch the gnoll, but do no damage.
The gnoll is heavily wounded.
You hit the gnoll.
The gnoll is almost dead.
The gnoll hits you with a +0 halberd!
You die...

...##...............### #.
......................####.
............##.............
..........................#
.....g.g...................
##o..g.g.o.#####...........
.....o..#g'#.#.#'....##....
........###g.#..##...##....
........##@._#_..#....#....
........##########....'....
........# #_..#....#....
.####+### #..##.........
#.#'..#......#
###...#.......
.....#.......
............#..
........##....#.#


You could see a gnoll (swift).

Vanquished Creatures
  A black bear (D:2)
  A gnoll bouda (D:4)
  A hound (D:3)
  7 gnolls
  3 adders
  2 dart slugs
  5 orcs
  6 ball pythons
  4 endoplasms
  8 goblins
  4 hobgoblins
  A quokka (D:1)
  4 bats
  4 frilled lizards
  5 kobolds
  A rat (D:2)
57 creatures vanquished.

Notes
Turn   | Place    | Note
-------+----------+-------------------------------------------
     0 | D:1      | Esekla the Deep Elf Necromancer began the quest for the
                  | Orb.
     0 | D:1      | Reached XP level 1. HP: 10/10 MP: 6/6
   223 | D:1      | Reached skill level 5 in Necromancy
   419 | D:4      | Found an iron altar of Okawaru.
   432 | D:4      | Found a radiant altar of Vehumet.
   436 | D:4      | Became a worshipper of Vehumet
   446 | D:4      | Found a glowing golden altar of the Shining One.
   508 | D:4      | Reached XP level 2. HP: 13/15 MP: 8/8
   533 | D:4      | Found Ponaysk's Antique Weapon Boutique.
   850 | D:3      | Identified the +5 rapier of the Hero {heavy, rN+ Dex+3}
   870 | D:2      | Found Renulab's Jewellery Shop.
  1057 | D:1      | Reached skill level 1 in Short Blades
  1057 | D:1      | Reached XP level 3. HP: 7/19 MP: 9/9
  1130 | D:1      | Learned a level 3 spell: Vampiric Draining
  1207 | D:1      | Reached * piety under Vehumet
  1207 | D:1      | Offered knowledge of Sandblast by Vehumet.
  1306 | D:2      | Noticed a black bear
  1323 | D:2      | Killed a black bear
  1324 | D:2      | Reached skill level 1 in Translocations
  1324 | D:2      | Reached XP level 4. HP: 14/24 MP: 9/11
  1399 | D:1      | Reached XP level 5. HP: 27/28 MP: 5/12
  1578 | D:2      | Found a faded altar of an unknown god.
  2460 | D:3      | Found a stormy altar of Qazlal.
  2485 | D:3      | Found a bloodstained altar of Trog.
  2487 | D:3      | Found a hazy altar of Hepliaklqana.
  2709 | D:4      | Reached skill level 5 in Spellcasting
  2709 | D:4      | Reached XP level 6. HP: 24/32 MP: 4/15
  2715 | D:4      | Slain by a gnoll

Illustrated notes

Levels and vault maps discovered:
D:1:      sevenhm_arrival_forest_fort_small_3, layout_rooms,
          chequers_serial_rivers_room_b, minmay_misc_feat_five
D:2:      layout_loops_ring, dreamdust_ecumenical_altar_angels_and_demons,
          serial_shops, shop
D:3:      layout_basic, grunt_temple_overflow_open, minmay_misc_feat_iff
D:4:      layout_basic, nicolae_overflow_quartered_altars, serial_shops,
          nicolae_diamond_shop

Skill      XL: |  1  2  3  4  5 |
---------------+----------------+-----
Necromancy     | 5 |  5.7
Short Blades   | 1 2 |  2.3
Dodging        | 3 4 |  4.1
Stealth        | 3 |  3.2
Translocations | 1 |  1.7
Spellcasting   | 5 |  5.1
Evocations     | |  0.9

Action                     |  1- 3 |  4- 6 || total
---------------------------+-------+-------++-------
  Melee: Short sword       |    36 |       ||    36
         Unarmed           |     9 |       ||     9
         Punch             |     1 |     1 ||     2
         Dagger            |    82 |    88 ||   170
         Rapier            |     5 |       ||     5
   Cast: Vampiric Draining |       |    18 ||    18
  Evoke: Wand              |     4 |       ||     4
   Stab: Sleeping          |     2 |     1 ||     3
 Armour: Robe              |    30 |     9 ||    39
  Dodge: Dodged            |    64 |    43 ||   107
